 Dungeon Crawl Stone Soup version 0.30-a0-250-g41c1d76940 (webtiles) character file.

Game seed: 6816354604514748515

2650 gzilladon the Cleaver (level 9, 0/78 HPs)
             Began as a Minotaur Monk on Oct 12, 2022.
             Succumbed to a water moccasin's poison
             ... on level 9 of the Dungeon.
             The game lasted 00:26:59 (7809 turns).

gzilladon the Cleaver (Minotaur Monk)               Turns: 7809, Time: 00:27:00

Health: 0/78       AC: 17    Str: 20    XL:     9   Next: 36%
Magic:  8/8        EV:  9    Int:  7    God:
Gold:   485        SH:  0    Dex: 13    Spells: 8/8 levels left

rFire   . . .      SeeInvis .    E - +0 broad axe
rCold   . . .      Faith    .    (no shield)
rNeg    . . .      Spirit   .    g - +0 chain mail
rPois   .          Reflect  .    (helmet restricted)
rElec   .          Harm     .    I - +2 cloak {rCorr}
rCorr   +          Rampage  .    (no gloves)
Will    .....                    (no boots)
Stlth   ..........               G - amulet of the acrobat
HPRegen 0.33/turn                l - +4 ring of slaying
MPRegen 0.11/turn                H - +4 ring of protection

@: lethally poisoned (0 -> -7)
A: horns 2, retaliatory headbutt
a: no special abilities


You were on level 9 of the Dungeon.
You visited 2 branches of the dungeon, and saw 10 of its levels.

You collected 485 gold pieces.

Inventory:

Hand Weapons
 a - a +0 hand axe
 r - a +0 war axe
 E - a +0 broad axe (weapon)
Missiles
 f - 15 poisoned darts
 v - 20 stones
 M - 2 throwing nets
Armour
 b - a +0 robe
 g - a +0 chain mail (worn)
 D - a +0 cloak
 I - a +2 cloak of preservation (worn)
Jewellery
 l - a +4 ring of slaying (left hand)
 n - a +4 ring of evasion
 A - a ring of wizardry
 C - a +6 ring of dexterity
 G - an amulet of the acrobat (around neck)
 H - a +4 ring of protection (right hand)
Scrolls
 d - 4 scrolls of enchant weapon
 h - 3 scrolls of vulnerability
 i - a scroll of acquirement {unknown}
 j - a scroll of amnesia {unknown}
 o - a scroll of enchant armour {unknown}
 q - a scroll of poison
 s - a scroll of fog
 t - a scroll of brand weapon {unknown}
 x - a scroll of silence {unknown}
 y - a scroll of magic mapping
 z - 4 scrolls of teleportation
 F - 3 scrolls of identify
 K - 4 scrolls of immolation {unknown}
Potions
 c - 4 potions of ambrosia
 e - a potion of attraction (quivered) {unknown}
 k - 4 potions of curing
 m - a potion of might
 p - a potion of flight
 u - 2 potions of degeneration
 w - a potion of cancellation {unknown}
 B - 2 potions of brilliance
 J - a potion of heal wounds {unknown}
 L - a potion of mutation {unknown}


   Skills:
 + Level 6.8 Fighting
 * Level 12.1 Axes
 + Level 7.3 Armour
 + Level 4.0 Dodging
 + Level 2.1 Stealth


You had 8 spell levels left.
You didn't know any spells.
Your spell library contained the following spells:

 Spells                   Type           Power      Damage    Failure   Level
 Scorch                   Fire           0%         2d5       99%         2
 Frozen Ramparts          Ice            0%         1d1       100%        3
 Flame Wave               Conj/Fire      0%         2d4       100%        4
 Ice Form                 Ice/Tmut       0%         N/A       100%        4
 Summon Ice Beast         Ice/Summ       0%         N/A       100%        4
 Summon Cactus Giant      Summ           0%         N/A       100%        6


Dungeon Overview and Level Annotations

Branches:
Dungeon (9/15)             Temple (1/1) D:4
   Lair: D:8-11         Orc: D:9-12

Altars:
Ashenzari
Cheibriados
Dithmenos
Elyvilon
Fedhas
Gozag
Kikubaaqudgha
Nemelex Xobeh
Okawaru
Qazlal
Ru
Sif Muna
Trog
Uskayaw
Vehumet
Wu Jian
Xom
Yredelemnul
Zin
The Shining One

Shops:
D:2 (

Annotations:
D:7 3 runed translucent doors, Joseph; kd29's ghost, novice DrRe
D:9 Erolcha


Innate Abilities, Weirdness & Mutations

You have a pair of horns on your head.
You reflexively headbutt those who attack you in melee.


Message History

A water moccasin comes into view.
The water moccasin hisses angrily.
The water moccasin completely misses you.
You furiously retaliate!
You headbutt the water moccasin! The water moccasin misses you.
You furiously retaliate!
You headbutt the water moccasin! You slice the water moccasin!!
You kill the water moccasin!
Your Dodging skill increases to level 4!
A bullfrog comes into view.
The bullfrog gives a loud, deep croak!
There are monsters nearby!
The water moccasin barely misses you. The water moccasin misses you.
You furiously retaliate!
You headbutt the water moccasin. You miss the water moccasin.
The water moccasin is lightly wounded.
The water moccasin bites you but does no damage.
You closely miss the water moccasin.
The water moccasin is lightly wounded.
The water moccasin bites you.
* * * LOW HITPOINT WARNING * * *
You are lethally poisoned!
The water moccasin poisons you!
The water moccasin bites you but does no damage.
You completely miss the water moccasin.
The water moccasin is lightly wounded.
* * * LOW HITPOINT WARNING * * *
You feel very sick. The water moccasin closely misses you.
You miss the water moccasin.
Your headbutt misses the water moccasin.
The water moccasin is lightly wounded.
* * * LOW HITPOINT WARNING * * *
You feel very sick.
The water moccasin bites you but does no damage.
The bullfrog barely misses you.
You barely miss the water moccasin.
The water moccasin is lightly wounded.
You slash the bullfrog!
You die...

#######################
.............S@F.......
.............###.......
.............# .......
...###.......# .......
. #......S# .......
.........# .......
..P.......# ...F...
P...P......# .......
..P........#


You could see a water moccasin and a bullfrog.

Vanquished Creatures
  Prince Ribbit (D:8)
  A wyvern (D:9)
  A steam dragon (D:7)
  3 water moccasins
  A black bear (D:6)
  An ice beast (D:6)
  2 ogres
  A centaur (D:9)
  2 phantoms
  A kobold brigand (D:8)
  5 bullfrogs
  A gnoll sergeant (D:9)
  2 scorpions
  A howler monkey (D:9)
  4 jellies
  3 orc priests
  A hound (D:6)
  4 iguanas
  2 orc wizards
  9 adders
  9 gnolls
  2 white imps (D:5)
  3 worms
  7 dart slugs
  18 orcs
  7 ball pythons
  3 bats
  5 endoplasms
  5 giant cockroaches
  6 goblins
  8 hobgoblins
  7 quokkas
  3 frilled lizards
  12 kobolds
  10 rats
151 creatures vanquished.

Vanquished Creatures (others)
  46 fungi (D:9)
  31 plants (D:9)
77 creatures vanquished.

Grand Total: 228 creatures vanquished

Notes
Turn   | Place    | Note
-------+----------+-------------------------------------------
     0 | D:1      | gzilladon the Minotaur Monk began the quest for the Orb.
     0 | D:1      | Reached XP level 1. HP: 19/19 MP: 0/0
   254 | D:1      | Reached XP level 2. HP: 26/27 MP: 1/1
   361 | D:1      | Reached skill level 4 in Axes
   632 | D:1      | Reached XP level 3. HP: 33/33 MP: 2/2
   926 | D:2      | Found an iron altar of Okawaru.
   940 | D:2      | Found Ikhudig's Weapon Emporium.
  1145 | D:2      | Reached skill level 1 in Armour
  1357 | D:2      | Reached XP level 4. HP: 40/40 MP: 3/3
  1561 | D:3      | Found a faded altar of an unknown god.
  2365 | D:4      | Reached skill level 5 in Axes
  2590 | D:4      | Found a staircase to the Ecumenical Temple.
  2599 | Temple   | Entered the Ecumenical Temple
  3102 | D:4      | Noticed a scorpion
  3112 | D:4      | Killed a scorpion
  3113 | D:4      | Reached skill level 5 in Fighting
  3113 | D:4      | Reached XP level 5. HP: 36/48 MP: 4/4
  3208 | D:4      | Noticed a phantom
  3218 | D:4      | Killed a phantom
  3219 | D:4      | Reached XP level 6. HP: 55/56 MP: 5/5
  3497 | D:5      | Entered Level 5 of the Dungeon
  3556 | D:5      | Reached skill level 6 in Axes
  3822 | D:5      | Noticed a water moccasin
  3827 | D:5      | Killed a water moccasin
  3828 | D:5      | Reached skill level 7 in Axes
  3828 | D:5      | Reached XP level 7. HP: 48/61 MP: 6/6
  4058 | D:5      | Reached skill level 5 in Armour
  4776 | D:6      | Found an ornate altar of the Wu Jian Council.
  4797 | D:6      | Reached skill level 8 in Axes
  5023 | D:6      | You fall into a shaft and drop 2 floors!
  5102 | D:7      | Found a runed translucent gate.
  5102 | D:7      | Found a runed translucent gate.
  5102 | D:7      | Found a runed translucent gate.
  5105 | D:7      | Reached XP level 8. HP: 61/70 MP: 7/7
  5120 | D:7      | Reached skill level 9 in Axes
  5182 | D:7      | Found an opulent altar of Gozag.
  5182 | D:7      | Noticed a slime creature
  5183 | D:7      | Noticed kd29's ghost (novice DrRe)
  5444 | D:7      | Reached skill level 10 in Axes
  5498 | D:7      | Found a sparkling altar of Nemelex Xobeh.
  6366 | D:7      | Reached skill level 11 in Axes
  6400 | D:7      | Noticed Joseph
  6764 | D:8      | Found a glowing golden altar of the Shining One.
  6950 | D:8      | Noticed Prince Ribbit
  6957 | D:8      | Killed Prince Ribbit
  6958 | D:8      | Reached XP level 9. HP: 77/78 MP: 8/8
  6996 | D:8      | Found a glowing golden altar of the Shining One.
  6998 | D:8      | Found a bloodstained altar of Trog.
  6998 | D:8      | Found a hazy altar of Hepliaklqana.
  7000 | D:8      | Found a shimmering altar of Xom.
  7000 | D:8      | Found a glowing golden altar of the Shining One.
  7000 | D:8      | Found a shimmering altar of Xom.
  7428 | D:9      | Noticed a kobold demonologist
  7429 | D:9      | Noticed a red devil
  7433 | D:9      | Noticed an ice devil
  7437 | D:9      | Noticed a rust devil
  7746 | D:9      | Noticed a two-headed ogre
  7746 | D:9      | Noticed Erolcha
  7775 | D:9      | Reached skill level 12 in Axes
  7776 | D:9      | HP: 2/78 [something (17)]
  7808 | D:9      | HP: 2/78 [poisoned by a water moccasin]
  7809 | D:9      | Succumbed to a water moccasin's poison

Illustrated notes

Levels and vault maps discovered:
D:1:      matt_arrival_grand_opening, layout_loops_cross
D:2:      layout_basic, basic_altar, serial_shops,
          nicolae_shop_advertising_works [nicolae_subvault_shop_adworks]
D:3:      layout_basic, nicolae_ecumenical_pavilion
D:4:      layout_loops_ring, lemuel_temple_firewalk_b,
          cheibrodos_sewer_entry_drain
D:5:      layout_basic
D:6:      layout_basic, mainiacjoe_overflow_catwalk
D:7:      layout_rooms, nemelex_dance_club_becter, ebering_ghost_gozag,
          uniq_joseph, uniq_crazy_yiuf_cottage
D:8:      layout_rooms, doesnt_xom_only_xom, nicolae_tso_carved_into_rock,
          uniq_prince_ribbit1
D:9:      layout_stronghold, due_lair_maze_entry_diamond, minmay_puff,
          uniq_maggie, uniq_erica, uniq_erolcha
Temple:   minmay_temple_bridge_d

Skill      XL: |  1  2  3  4  5  6  7  8  9 |
---------------+----------------------------+-----
Axes           | 4 5 7 8 11 12 | 12.1
Fighting       | 4 5 6 |  6.8
Armour         | 1 2 3 4 5 6 7 |  7.3
Stealth        | 2 |  2.1
Dodging        | 4 |  4.0

Action                   |  1- 3 |  4- 6 |  7- 9 || total
-------------------------+-------+-------+-------++-------
Melee: Hand axe          |    89 |    20 |       ||   109
       Headbutt          |     8 |    17 |    22 ||    47
       War axe           |       |    65 |    95 ||   160
       Punch             |       |     3 |     3 ||     6
       Broad axe         |       |       |    54 ||    54
  Use: Scroll            |       |       |    13 ||    13
       Potion            |       |       |     1 ||     1
 Stab: Sleeping          |     1 |       |       ||     1
Armor: Robe              |     3 |       |       ||     3
       Chain mail        |    47 |    27 |    87 ||   161
Dodge: Dodged            |    40 |    44 |   110 ||   194

Table legend: (Time is in decaauts)
 A = Elapsed time spent in this place.
 B = Non-inter-level travel time spent in this place.
 C = Inter-level travel time spent in this place.
 D = Time resting spent in this place.
 E = Time spent auto-exploring this place.
 F = Levels seen in this place.
 G = Mean time per level.
                   A        B        C        D        E       F      G
               +--------+--------+--------+--------+--------+-----+--------+
         Total |   7844 |   6364 |   1480 |   1190 |      0 |  10 |  784.4 |
       Dungeon |   7665 |   6314 |   1351 |   1190 |      0 |   9 |  851.7 |
        Temple |    178 |     49 |    129 |      0 |      0 |   1 |  178.0 |
               +--------+--------+--------+--------+--------+-----+--------+

Top non-repeatable levels by time:
     D:5: 1243 daAuts
     D:6: 1232 daAuts
     D:4: 1034 daAuts
     D:2: 818 daAuts
     D:1: 750 daAuts
     D:3: 740 daAuts
     D:8: 710 daAuts
     D:7: 662 daAuts
     D:9: 471 daAuts
  Temple: 178 daAuts
